cohdb
Replays
Latest Replays
All Replays
Popular Replays
Top Player Replays
Match Explorer
How It Works
Community
CoH3 Stats
Reddit
Sign in to upload your games and track your stats! →
Sign in with Steam
Match 45429324
Unlisted
Match 45429324
Overview
Messages
Build Orders
End
Vickers Machine Gun Team
Construct Section Command Post
Infantry Section
Infantry Section
ML 3-inch Mortar Team
Construct Field Infirmary
Construct Platoon Command Post
Infantry Section
6-pounder Anti-tank Gun Team
Infantry Section
Infantry Section
Grenade Package
Unlock Bishop Self-propelled Artillery
Bishop Self-propelled Artillery
Kenan
❤KOSMO❤
Galaxygg
Boneless
ValiantHawk
AirborneAssassin
0
0
Comments
sign in to comment!
No comments posted yet!